 Dungeon Crawl Stone Soup version 0.27.0-65-ge2af304b15 (webtiles) character file.

Game seed: 6610368434087089407

1061 freelancePsychic the Skirmisher (level 8, -8/67 HPs)
             Began as a Gnoll Wanderer on Aug 19, 2021.
             Mangled by a mummy (12 damage)
             ... in an ossuary.
             The game lasted 00:12:02 (6426 turns).

freelancePsychic the Skirmisher (Gnoll Wanderer)    Turns: 6426, Time: 00:12:02

Health: -8/67      AC:  6    Str: 12    XL:     8   Next: 27%
Magic:  6/14       EV: 12    Int: 15    God:
Gold:   1407       SH:  5    Dex: 10    Spells: 8/15 levels left

rFire    . . .     SeeInvis .   a - +3 shortbow
rCold    . . .     Faith    .   (shield currently unavailable)
rNeg     . . .     Spirit   .   d - +1 robe
rPois    .         Reflect  +   (no helmet)
rElec    .         Harm     .   (no cloak)
rCorr    .         Rampage  .   (no gloves)
Will     .....                  s - +2 pair of boots
Stlth    ++........             n - amulet of reflection
HPRegen  0.21/turn              (no ring)
MPRegen  0.14/turn              (no ring)

@: no status effects
A: fangs 1, strong nose, distributed training
a: no special abilities


You were in an ossuary.
You visited 1 branch of the dungeon, and saw 6 of its levels.
You also visited: Ossuary.

You collected 1407 gold pieces.

Inventory:

Hand Weapons
 a - a +3 shortbow (weapon)
 A - a +2 war axe of flaming
Missiles
 b - 5 arrows (quivered ammo)
 l - 28 poisoned darts
 o - a throwing net
 x - 6 boomerangs
Armour
 d - a +1 robe (worn)
 h - a +0 buckler
 j - a +0 ring mail of cold resistance
 s - a +2 pair of boots (worn)
Jewellery
 n - an amulet of reflection (around neck)
 y - a ring of ice
Wands
 e - a wand of polymorph (7)
Scrolls
 f - 3 scrolls of enchant weapon
 i - a scroll of noise
 r - 2 scrolls of fog
 u - a scroll of amnesia
 B - a scroll of identify {@r1}
Potions
 k - 4 potions of flight
 m - a potion of cancellation


   Skills:
 + Level 7.3 Fighting
 + Level 3.1 Short Blades
 + Level 3.1 Long Blades
 + Level 3.1 Axes
 + Level 3.1 Maces & Flails
 + Level 3.1 Polearms
 + Level 3.1 Staves
 + Level 3.1 Slings
 + Level 4.1 Bows
 + Level 3.1 Crossbows
 + Level 3.1 Throwing
 + Level 4.1 Armour
 + Level 3.1 Dodging
 + Level 4.0 Stealth
 + Level 3.1 Shields
 + Level 3.1 Unarmed Combat
 + Level 4.2 Spellcasting
 + Level 2.5 Conjurations
 + Level 3.3 Hexes
 + Level 2.5 Summonings
 + Level 2.5 Necromancy
 + Level 2.5 Translocations
 + Level 3.3 Transmutations
 + Level 2.5 Fire Magic
 + Level 2.5 Ice Magic
 + Level 2.5 Air Magic
 + Level 2.5 Earth Magic
 + Level 2.5 Poison Magic
 + Level 3.4 Invocations
 + Level 4.1 Evocations


You had 8 spell levels left.
You knew the following spells:

 Your Spells              Type           Power      Damage    Failure   Level
a - Static Discharge      Conj/Air       10%        N/A       10%         2
b - Poisonous Vapours     Pois/Air       20%        N/A       10%         2
c - Stone Arrow           Conj/Erth      20%        3d8       19%         3

Your spell library contained the following spells:

 Spells                   Type           Power      Damage    Failure   Level
 Blink                    Tloc           N/A        N/A       10%         2
 Bolt of Magma            Conj/Fire/Erth 5%         4d5       86%         5
 Manifold Assault         Tloc           10%        N/A       86%         5
 Storm Form               Tmut/Air       6%         N/A       100%        7
 Shatter                  Erth           5%         3d8*      100%        9


Dungeon Overview and Level Annotations

Branches:
Dungeon (6/15)             Temple (0/1) D:5         Ossuary (1/1)

Altars:
Wu Jian
The Shining One

Shops:
D:4 [

Annotations:
D:6 2 transporters, RatsInWalls's ghost, novice GrMo


Innate Abilities, Weirdness & Mutations

You have very sharp teeth.
Your uncanny sense of smell can sniff out nearby items.
Your experience applies equally to all skills.


Message History

Press: ? - help, Q - select action, (/) - cycle Shift-Dir - straight line, f - howler monkey zombie
Aim: a howler monkey zombie (78% to hit)
You shoot an arrow.
The arrow hits the howler monkey zombie.
The howler monkey zombie is lightly damaged.
The wyvern zombie bites you.
* * * LOW HITPOINT WARNING * * *
You block the howler monkey zombie's attack.
Fire: 9 arrows
Press: ? - help, Q - select action, (/) - cycle Shift-Dir - straight line, f/p - howler monkey zombie
Aim: a howler monkey zombie (lightly damaged, 78% to hit)
You shoot an arrow.
The arrow hits the howler monkey zombie!
The howler monkey zombie is heavily damaged.
The howler monkey zombie closely misses you.
The howler monkey zombie barely misses you.
Fire: 8 arrows
Press: ? - help, Q - select action, (/) - cycle Shift-Dir - straight line, f/p - howler monkey zombie
Aim: a howler monkey zombie (heavily damaged, 78% to hit)
You shoot an arrow.
The arrow hits the howler monkey zombie.
The howler monkey zombie is severely damaged.
The howler monkey zombie hits you but does no damage.
Fire: 7 arrows
Press: ? - help, Q - select action, (/) - cycle Shift-Dir - straight line, f/p - howler monkey zombie
Aim: a howler monkey zombie (severely damaged, 78% to hit)
You shoot an arrow.
The arrow hits the howler monkey zombie.
The howler monkey zombie is almost destroyed.
A mummy comes into view.
You block the mummy's attack.
The howler monkey zombie hits you but does no damage.
Fire: 6 arrows
Press: ? - help, Q - select action, (/) - cycle Shift-Dir - straight line, f/p - howler monkey zombie
Aim: a howler monkey zombie (almost destroyed, 78% to hit)
You shoot an arrow.
The arrow hits the howler monkey zombie!
You destroy the howler monkey zombie!
The mummy hits you!
You die... ∆∆∆ ∆∆∆#.# ∆∆∆#M# #.' #.# #.# '.' ZZZ

#.#####Z#
∆∆∆#.#∩Z.#M'
∆∆∆#(#ZZ.'.###
∆∆∆#@#...#M'.#
###M#####Z###
...ZZ(.(Z.'.#
.#'#M#Z#'###
#.#.#.#.#.# #
#########


You could see 2 mummies, a bog mummy, a wyvern zombie and a killer bee zombie.

Vanquished Creatures
  A necrophage (D:5)
  2 ogres
  A water moccasin zombie (Ossuary)
  A scorpion (D:4)
  A howler monkey (D:6)
  A jelly (D:5)
  A centaur zombie (Ossuary)
  3 hounds
  A gnoll shaman (D:5)
  Natasha (twice) (D:3)
  2 iguanas (D:4)
  2 scorpion zombies (D:5)
  A killer bee zombie (Ossuary)
  4 mummies (Ossuary)
  2 howler monkey zombies (Ossuary)
  4 gnolls (D:5)
  9 adders
  A shadow imp (D:4)
  An adder skeleton (D:4)
  2 dart slugs
  16 orcs
  9 endoplasms
  4 giant cockroaches
  6 goblins
  7 hobgoblins
  4 jackals
  3 kobolds
  2 quokkas
  3 ball pythons (D:1)
  7 bats
  3 frilled lizards
  2 rats
108 creatures vanquished.

Vanquished Creatures (others)
  5 withered plants (Ossuary)
5 creatures vanquished.

Grand Total: 113 creatures vanquished

Notes
Turn   | Place    | Note
-------+----------+-------------------------------------------
     0 | D:1      | freelancePsychic the Gnoll Wanderer began the quest for the
                  | Orb.
     0 | D:1      | freelancePsychic set off with the following items: a +2
                  | shortbow, 21 arrows, a potion of curing {@q1}, a +0 robe;
                  | and the following spells available to memorise: Poisonous
                  | Vapours, Static Discharge
     0 | D:1      | Reached XP level 1. HP: 23/23 MP: 4/4
   158 | D:1      | Reached XP level 2. HP: 29/29 MP: 5/5
   576 | D:1      | Reached XP level 3. HP: 24/35 MP: 7/7
   731 | D:1      | Learned a level 2 spell: Poisonous Vapours
  1001 | D:2      | Reached skill level 1 in Invocations
  1026 | D:2      | Reached skill level 1 in Short Blades
  1026 | D:2      | Reached skill level 1 in Long Blades
  1026 | D:2      | Reached skill level 1 in Axes
  1026 | D:2      | Reached skill level 1 in Maces & Flails
  1026 | D:2      | Reached skill level 1 in Polearms
  1026 | D:2      | Reached skill level 1 in Staves
  1026 | D:2      | Reached skill level 1 in Slings
  1026 | D:2      | Reached skill level 1 in Crossbows
  1026 | D:2      | Reached skill level 1 in Throwing
  1026 | D:2      | Reached skill level 1 in Dodging
  1026 | D:2      | Reached skill level 1 in Shields
  1026 | D:2      | Reached skill level 1 in Unarmed Combat
  1215 | D:2      | Reached XP level 4. HP: 41/41 MP: 1/8
  1672 | D:2      | Reached skill level 1 in Conjurations
  1672 | D:2      | Reached skill level 1 in Summonings
  1672 | D:2      | Reached skill level 1 in Necromancy
  1672 | D:2      | Reached skill level 1 in Translocations
  1672 | D:2      | Reached skill level 1 in Fire Magic
  1672 | D:2      | Reached skill level 1 in Ice Magic
  1672 | D:2      | Reached skill level 1 in Air Magic
  1672 | D:2      | Reached skill level 1 in Earth Magic
  1672 | D:2      | Reached skill level 1 in Poison Magic
  2230 | D:3      | Found a faded altar of an unknown god.
  2269 | D:3      | Reached XP level 5. HP: 39/47 MP: 1/9
  2478 | D:3      | Noticed Natasha
  2496 | D:3      | Killed Natasha
  2882 | D:3      | Noticed Natasha
  2886 | D:3      | Killed Natasha
  3003 | D:3      | Found an ornate altar of the Wu Jian Council.
  3332 | D:4      | Found a glowing golden altar of the Shining One.
  3502 | D:4      | Reached XP level 6. HP: 28/53 MP: 2/11
  4060 | D:4      | Learned a level 2 spell: Static Discharge
  4207 | D:4      | Found Amoez's Armour Shop.
  4454 | D:5      | Entered Level 5 of the Dungeon
  4581 | D:5      | Reached XP level 7. HP: 38/59 MP: 5/12
  4786 | D:5      | Reached skill level 7 in Fighting
  4876 | D:5      | Noticed a shadow
  5220 | D:5      | Learned a level 3 spell: Stone Arrow
  5836 | D:5      | Found a staircase to the Ecumenical Temple.
  6183 | D:6      | Reached XP level 8. HP: 65/67 MP: 2/14
  6216 | D:6      | Noticed RatsInWalls's ghost (novice GrMo)
  6218 | D:6      | Identified the +2 dire flail of the Briny Deep {flame,
                  | *Noise rElec rPois rN++}
  6218 | D:6      | Identified the +4 great mace of a Labyrinth {flame, rElec}
  6218 | D:6      | Noticed a two-headed ogre
  6281 | D:6      | Found a transporter.
  6281 | D:6      | Found a transporter.
  6306 | D:6      | Found a sand-covered staircase.
  6313 | Ossuary  | Entered an ossuary
  6420 | Ossuary  | Identified a scroll of acquirement
  6420 | Ossuary  | Acquired 1159 gold pieces
  6422 | Ossuary  | HP: 3/67 [wyvern zombie (6)]
  6426 | Ossuary  | Mangled by a mummy

Illustrated notes

Levels and vault maps discovered:
D:1:      shiori_arrival_maze, layout_loops_ring, serial_aquarium,
          aquarium_bridge_square [aquarium_subvault_bridge,
          aquarium_subvault_window, aquarium_subvault_wall,
          aquarium_subvault_bridge], aquarium_window_3, aquarium_window_1,
          aquarium_window_1, aquarium_window_fake, aquarium_view_2d,
          aquarium_view_2g, minmay_close_crescents
D:2:      layout_loops_ring, grunt_ministairs_10, eino_tiny_chamber
D:3:      layout_loops_cross, mainiacjoe_overflow_tiny_flanked,
          hellmonk_ecumenical_altar_heavens_door, uniq_natasha
D:4:      layout_loops_ring, nicolae_tso_carved_into_rock, nicolae_stop_n_shop_2
D:5:      layout_loops_ring, minmay_temple_entry_from_below_a,
          lightli_corner_chamber
D:6:      layout_layer_cave, chequers_ossuary_entry_cave, gammafunk_ghost_smash
Ossuary:  ossuary_zaba_flooded

Skill      XL: |  1  2  3  4  5  6  7  8 |
---------------+-------------------------+-----
Hexes          | 2 3 |  3.3
Transmutations | 2 3 |  3.3
Invocations    | 1 2 3 |  3.4
Short Blades   | 1 2 3 |  3.1
Long Blades    | 1 2 3 |  3.1
Axes           | 1 2 3 |  3.1
Maces & Flails | 1 2 3 |  3.1
Polearms       | 1 2 3 |  3.1
Staves         | 1 2 3 |  3.1
Slings         | 1 2 3 |  3.1
Crossbows      | 1 2 3 |  3.1
Throwing       | 1 2 3 |  3.1
Dodging        | 1 2 3 |  3.1
Shields        | 1 2 3 |  3.1
Unarmed Combat | 1 2 3 |  3.1
Spellcasting   | 3 4 |  4.2
Conjurations   | 1 2 |  2.5
Summonings     | 1 2 |  2.5
Necromancy     | 1 2 |  2.5
Translocations | 1 2 |  2.5
Fire Magic     | 1 2 |  2.5
Ice Magic      | 1 2 |  2.5
Air Magic      | 1 2 |  2.5
Earth Magic    | 1 2 |  2.5
Poison Magic   | 1 2 |  2.5
Bows           | 3 4 |  4.1
Armour         | 3 4 |  4.1
Evocations     | 3 4 |  4.1
Stealth        | 3 4 |  4.0
Fighting       | 7 |  7.3

Action                   |  1- 3 |  4- 6 |  7- 9 || total
-------------------------+-------+-------+-------++-------
 Fire: Shortbow          |    63 |   104 |   103 ||   270
Throw: Dart              |       |       |     7 ||     7
       Boomerang         |       |       |     5 ||     5
 Cast: Poisonous Vapours |     9 |    55 |    26 ||    90
       Stone Arrow       |       |       |    11 ||    11
       Static Discharge  |       |       |     7 ||     7
  Use: Scroll            |       |     2 |    13 ||    15
       Potion            |       |       |     9 ||     9
Armor: Robe              |     5 |    10 |    28 ||    43
Dodge: Dodged            |    22 |    39 |    64 ||   125
Block: Other             |       |    13 |    22 ||    35
